 Dungeon Crawl Stone Soup version 0.26.0-20-g3ca415f5b8 (webtiles) character file.

Game seed: 2025379644667189336

103 Hehehe the Conjurer (level 4, -1/24 HPs)
             Began as a Deep Elf Conjurer on Jan 26, 2021.
             Was an Initiate of Vehumet.
             Slain by a gnoll
             ... wielding a +0 spear
              (10 damage)
             ... on level 3 of the Dungeon.
             The game lasted 00:02:21 (2505 turns).

Hehehe the Conjurer (Deep Elf Conjurer)             Turns: 2505, Time: 00:02:21

Health: -1/24      AC:  2    Str:  4    XL:     4   Next: 51%
Magic:  2/13       EV: 13    Int: 24    God:    Vehumet [......]
Gold:   75         SH:  0    Dex: 13    Spells: 10/13 levels left

rFire    . . .     SeeInvis .   f - +0 club
rCold    . . .     Faith    .   (no shield)
rNeg     . . .     Spirit   .   a - +0 robe
rPois    .         Reflect  .   (no helmet)
rElec    .         Harm     .   (no cloak)
rCorr    .         Rampage  .   (no gloves)
Will     .....                  (no boots)
Stlth    ++........             (no amulet)
HPRegen  0.08/turn              (no ring)
MPRegen  0.13/turn              (no ring)

@: mighty
A: no striking features
a: Renounce Religion


You were on level 3 of the Dungeon.
You worshipped Vehumet.
Vehumet was noncommittal.
You visited 1 branch of the dungeon, and saw 3 of its levels.

You collected 75 gold pieces.

Inventory:

Hand Weapons
 f - a +0 club (weapon)
Armour
 a - a +0 robe (worn)
Scrolls
 e - 2 scrolls of blinking {unknown}
 h - 3 scrolls of identify {unknown}
 i - a scroll of remove curse {unknown}
Potions
 c - a potion of flight {unknown}
 d - 2 potions of degeneration {unknown}
 g - a potion of resistance {unknown}
 j - a potion of berserk rage {unknown}


   Skills:
 - Level 2.4 Dodging
 - Level 2.4 Stealth
 + Level 5.0 Spellcasting
 + Level 5.6 Conjurations


You had 10 spell levels left.
You knew the following spells:

 Your Spells              Type           Power        Failure   Level
a - Magic Dart            Conj           100%         1%          1
b - Searing Ray           Conj           66%          1%          2

Your spell library contained the following spells:

 Spells                   Type           Power        Failure   Level
 Dazzling Flash           Conj/Hex       38%          9%          3
 Fulminant Prism          Conj/Hex       9%           28%         4
 Iskenderun's Mystic Bla  Conj/Tloc      19%          28%         4


Dungeon Overview and Level Annotations

Branches:
Dungeon (3/15)

Altars:
Qazlal
Trog
Uskayaw
Vehumet


Message History

The gnoll is moderately wounded. (Press . to maintain the ray.) Unknown command.
The searing ray hits the gnoll!
The gnoll is almost dead.
A rat comes into view.
Without enough magic to sustain it, your searing ray dissipates.
The gnoll closely misses you.
The quokka twitches its whiskers.
The gnoll hits you from afar with a +0 spear.
The gnoll hits you from afar with a +0 spear!
The gnoll hits you from afar with a +0 spear.
The gnoll barely misses you.
There is a large open door here.
You see here a stone.
It was a potion of might.
You feel very mighty all of a sudden. The gnoll hits you but does no damage.
The gnoll hits you from afar with a +0 spear!
You die...

##).).#########......
#....# ...... #....#
....#
######''#########
#####
≈≈≈≈≈...).≈≈≈≈≈≈≈
≈≈≈≈...(.≈≈≈≈≈≈≈≈≈
≈≈≈≈≈.ggr≈≈≈≈≈≈≈≈≈
≈.≈.≈...).≈≈≈≈≈≈≈≈
........@.........
.................
.......#..##..####
###.......<....(..
#.##.#..#.######
..$..........
#########.#.##.#
#.... # #####


You could see a gnoll, a quokka and a goblin.

Vanquished Creatures
  4 adders (D:2)
  A worm (D:2)
  A dart slug (D:2)
  2 leopard geckos
  5 bats
  16 goblins
  11 hobgoblins
  7 kobolds
  3 frilled lizards (D:1)
  4 rats
54 creatures vanquished.

Notes
Turn   | Place    | Note
-------+----------+-------------------------------------------
     0 | D:1      | Hehehe the Deep Elf Conjurer began the quest for the Orb.
     0 | D:1      | Reached XP level 1. HP: 10/10 MP: 6/6
   210 | D:1      | Reached XP level 2. HP: 15/15 MP: 5/8
   523 | D:1      | Reached XP level 3. HP: 19/19 MP: 7/10
   555 | D:1      | Reached skill level 5 in Conjurations
  1135 | D:2      | Found a bloodstained altar of Trog.
  1145 | D:2      | Learned a level 2 spell: Searing Ray
  1292 | D:2      | Reached XP level 4. HP: 24/24 MP: 7/12
  1432 | D:2      | Found a radiant altar of Vehumet.
  1487 | D:2      | Became a worshipper of Vehumet
  1506 | D:2      | Found a stormy altar of Qazlal.
  2015 | D:2      | Found a hide-covered altar of Uskayaw.
  2467 | D:3      | Reached skill level 5 in Spellcasting
  2505 | D:3      | Slain by a gnoll

Illustrated notes

Levels and vault maps discovered:
D:1:      mushboom_english_gardens, layout_basic, minmay_pentomino_q4
D:2:      layout_basic, overflow_temple_1_default,
          lemuel_coloured_pillars_altar, overflow_temple_1_default, bloody_trog
D:3:      minmay_goblin_kobold_castle, layout_basic, zin_treasury, minivault_5

Skill      XL: |  1  2  3  4 |
---------------+-------------+-----
Spellcasting   | 4 5 |  5.0
Conjurations   | 5 |  5.6
Dodging        | |  2.4
Stealth        | |  2.4

Action                   |  1- 3 |  4- 6 || total
-------------------------+-------+-------++-------
 Cast: Magic Dart        |    66 |    41 ||   107
       Searing Ray       |       |     2 ||     2
  Use: Potion            |       |     1 ||     1
Armor: Robe              |     1 |     2 ||     3
Dodge: Dodged            |    11 |     7 ||    18
